 Dungeon Crawl Stone Soup version 0.23-a0-183-gf37f6fb (webtiles) character file.

150470 Merlin the Severer (level 16, -6/142 (147) HPs)
             Began as a Minotaur Fighter on Sept 22, 2018.
             Was the Champion of Makhleb.
             Mangled by a phantasmal warrior (19 damage)
             ... on level 4 of the Swamp.
             The game lasted 02:20:40 (32081 turns).

Merlin the Severer (Minotaur Fighter)              Turns: 32081, Time: 02:20:41

HP:   -6/142 (147)  AC: 13    Str: 23    XL:     16   Next: 98%
MP:   32/32         EV: 20    Int:  7    God:    Makhleb [******]
Gold: 1638          SH: 18    Dex: 23    Spells: 15/15 levels left

rFire    + . .     SeeInvis +   Q - +6 broad axe (flame)
rCold    + . .     Gourm    +   c - +3 shield
rNeg     . . .     Faith    .   S - +0 swamp dragon scales
rPois    +         Spirit   .   X - +2 hat {MR+}
rElec    .         Reflect  .   i - scarf {rC+ rF+}
rCorr    .         Harm     .   T - +2 pair of gloves {archery}
MR       ++...                  n - +2 pair of boots
Stlth    +.........             G - amulet of the gourmand
HPRegen  0.33/turn              L - ring "Benog" {MR+ Dex+4 SInv}
MPRegen  0.23/turn              U - ring "Qaokli" {*Drain MR++ MP+9 Dex+4}

@: vulnerable, corroded, very slightly contaminated, very slow
A: retaliatory headbutt, horns 2, talons 2, clever 1
a: Minor Destruction, Lesser Servant of Makhleb, Major Destruction, Greater
Servant of Makhleb, Renounce Religion


You were on level 4 of the Swamp.
You worshipped Makhleb.
Makhleb was exalted by your worship.
You were full.

You visited 5 branches of the dungeon, and saw 28 of its levels.
You also visited: Labyrinth, Bailey and Ice Cave.

You collected 3197 gold pieces.
You spent 1559 gold pieces at shops.

Inventory:

Hand Weapons
 Q - a +6 broad axe of flaming (weapon)
 Y - a +5 demon trident of electrocution
Armour
 c - a +3 shield (worn)
 i - a scarf of resistance (worn)
 n - a +2 pair of boots (worn)
 y - a +2 plate armour
 S - +0 swamp dragon scales (worn)
 T - a +2 pair of gloves of archery (worn)
 X - a +2 hat of magic resistance (worn)
Jewellery
 m - the ring of the Voivode {Ice Int+4 Slay+2}
   (You found it on level 1 of the Lair of Beasts)

   [ring of ice]

   It enhances your ice magic.
   It affects your intelligence (+4).
   It affects your accuracy and damage with ranged weapons and melee attacks
   (+2).
   It makes you vulnerable to fire.
   It protects you from cold.
 u - an uncursed ring of protection from fire
 B - an uncursed ring of protection from magic
 G - an amulet of the gourmand (around neck)
 I - an uncursed ring of resist corrosion
 J - an uncursed ring of positive energy
 L - the ring "Benog" (left hand) {MR+ Dex+4 SInv}
   (You took it off an orc warrior on level 1 of the Orcish Mines)

   [ring of see invisible]

   It affects your dexterity (+4).
   It affects your resistance to hostile enchantments.
   It lets you see invisible.
 M - the ring "Lotojid" {Fire rElec Dex-5 SInv Stlth+}
   (You found it on level 6 of the Lair of Beasts)

   [ring of fire]

   It enhances your fire magic.
   It affects your dexterity (-5).
   It protects you from fire.
   It makes you vulnerable to cold.
   It insulates you from electricity.
   It lets you see invisible.
   It makes you more stealthy.
 U - the ring "Qaokli" (right hand) {*Drain MR++ MP+9 Dex+4}
   (You found it on level 4 of the Swamp)

   [ring of magical power]

   It affects your dexterity (+4).
   It affects your resistance to hostile enchantments.
   It affects your magic capacity (+9).
   It causes draining when unequipped.
Wands
 h - a wand of iceblast (6)
 A - a wand of digging (16)
 D - a wand of scattershot (14)
 E - a wand of enslavement (19)
 F - a wand of polymorph (76)
 H - a wand of paralysis (21)
Scrolls
 b - 5 scrolls of fog
 e - 9 scrolls of immolation
 g - 16 scrolls of remove curse
 j - 3 scrolls of silence
 o - a scroll of brand weapon
 q - 10 scrolls of teleportation
 s - 2 scrolls of fear
 t - 3 scrolls of magic mapping
 N - a scroll of summoning
 V - a scroll of vulnerability
 W - 2 scrolls of holy word
Potions
 a - 3 potions of lignification
 d - 2 potions of might
 k - 2 potions of resistance
 l - 6 potions of brilliance
 p - 9 potions of curing
 v - 2 potions of haste
 x - a potion of mutation
 z - a potion of heal wounds
 C - 6 potions of ambrosia
 K - 2 potions of berserk rage
 O - 2 potions of agility
 P - 3 potions of invisibility
Miscellaneous
 r - a phial of floods
 R - a lightning rod (3/4)
 Z - a sack of spiders
Comestibles
 f - 39 rations


   Skills:
 + Level 14.8 Fighting
 - Level 18.0 Axes
 - Level 2.4(12.3) Polearms
 + Level 14.9 Armour
 + Level 10.2 Dodging
 + Level 14.8 Shields
 + Level 10.9 Invocations
 + Level 7.5 Evocations


You had 15 spell levels left.
You didn't know any spells.
Your spell library contained the following spells:

 Spells                   Type           Power        Failure   Level  Hunger
 Animate Skeleton         Necr           N/A          54%         1    ##.....
 Apportation              Tloc           #.....       54%         1    ##.....
 Confusing Touch          Hex            #.....       54%         1    ##.....
 Corona                   Hex            #......      54%         1    ##.....
 Infusion                 Chrm           #...         54%         1    ##.....
 Pain                     Necr           #...         54%         1    ##.....
 Shock                    Conj/Air       #...         54%         1    ##.....
 Sting                    Conj/Pois      #...         54%         1    ##.....
 Summon Small Mammal      Summ           #...         54%         1    ##.....
 Call Imp                 Summ           #.......     69%         2    ###....
 Ensorcelled Hibernation  Hex/Ice        #.....       69%         2    ###....
 Poisonous Vapours        Pois/Air       #.....       69%         2    ###....
 Shroud of Golubria       Chrm/Tloc      #.........   69%         2    ###....
 Song of Slaying          Chrm           #.......     69%         2    ###....
 Swiftness                Chrm/Air       #.......     69%         2    ###....
 Call Canine Familiar     Summ           #.......     89%         3    ####...
 Confuse                  Hex            #.......     89%         3    ####...
 Dazzling Spray           Conj/Hex       #.....       89%         3    ####...
 Mephitic Cloud           Conj/Pois/Air  #.......     89%         3    ####...
 Regeneration             Chrm/Necr      #.........   89%         3    ####...
 Spectral Weapon          Hex/Chrm       #.......     89%         3    ####...
 Static Discharge         Conj/Air       #.......     89%         3    ####...
 Summon Guardian Golem    Hex/Summ       #.......     89%         3    ####...
 Tukima's Dance           Hex            #.......     89%         3    ####...
 Vampiric Draining        Necr           #.........   89%         3    ####...
 Airstrike                Air            #.........   100%        4    #####..
 Animate Dead             Necr           N/A          100%        4    #####..
 Olgreb's Toxic Radiance  Pois           #.......     100%        4    #####..
 Summon Ice Beast         Ice/Summ       #.......     100%        4    #####..
 Summon Lightning Spire   Summ/Air       #.......     100%        4    #####..
 Irradiate                Conj/Tmut      #.........   100%        5    ######.
 Lightning Bolt           Conj/Air       #.........   100%        5    ######.
 Silence                  Hex/Air        #.........   100%        5    ######.
 Venom Bolt               Conj/Pois      #.........   100%        5    ######.
 Conjure Ball Lightning   Conj/Air       #.........   100%        6    #######
 Deflect Missiles         Chrm/Air       #.........   100%        6    #######
 Hydra Form               Tmut           #.........   100%        6    #######
 Statue Form              Tmut/Erth      #........    100%        6    #######
 Dragon Form              Tmut           #.........   100%        7    #######
 Ignition                 Fire           #.........   100%        8    #######
 Shatter                  Erth           #.........   100%        9    #######
 Tornado                  Air            #.........   100%        9    #######


Dungeon Overview and Level Annotations

Branches:
Dungeon (15/15)            Temple (1/1) D:4            Lair (6/6) D:11
  Swamp (4/4) Lair:2        Snake (0/4) Lair:4        Slime (0/5) Lair:5
    Orc (2/2) D:10            Elf (0/3) Orc:2        Vaults (0/5) D:14
 Depths (0/5) D:15

Altars:
Ashenzari
Cheibriados
Dithmenos
Elyvilon
Fedhas
Gozag
Hepliaklqana
Kikubaaqudgha
Makhleb
Nemelex Xobeh
Okawaru
Qazlal
Ru
Sif Muna
Trog
Uskayaw
Vehumet
Wu Jian
Xom
Yredelemnul
Zin
The Shining One
Beogh

Shops:
D:15 ?   Orc:2 ?}}*?

Portals:
Trove: D:12 (give 3 potions of resistance)

Annotations:
Lair:5 exclusion: 2 oklob plants
Lair:6 Sonja
Swamp:4 exclusion: oklob plant
Orc:1 2 transporters, Qapp's ghost, journeyman DEEE


Innate Abilities, Weirdness & Mutations

You reflexively headbutt those who attack you in melee.
You have a pair of horns on your head.
You have razor-sharp toenails.
Your mind is acute. (Int +2)


Message History

You hit the phantasmal warrior. You burn the phantasmal warrior.
Your headbutt misses the phantasmal warrior.
The phantasmal warrior is severely damaged.
The spectral eight-headed hydra fades away!
You block the phantasmal warrior's attack.
You slash the phantasmal warrior! You burn the phantasmal warrior.
You headbutt the phantasmal warrior, but do no damage.
The phantasmal warrior is almost destroyed.
You block the phantasmal warrior's attack.
The phantasmal warrior closely misses you.
You enter the shallow water.
Moving in this stuff is going to be slow.
The phantasmal warrior hits you!
* * * LOW HITPOINT WARNING * * *
You block the spectral spriggan rider's attack.
You closely miss the phantasmal warrior.
The phantasmal warrior is almost destroyed.
You miss the spectral spriggan rider.
The spectral swamp drake fades away!
The phantasmal warrior hits you!!
You die...

♣♣♣♣♣♣♣♣..§..≈≈.....≈≈..
♣♣♣≈≈...≈≈.≈..≈≈≈
♣♣♣....≈..≈≈..≈≈≈
♣♣♣≈≈.≈.♣♣♣≈.≈≈≈.≈≈
♣.≈.≈§..♣♣♣♣..≈♣.≈≈
♣♣♣#≈≈....♣♣♣♣♣♣♣≈.
♣≈≈≈.≈≈≈≈≈♣♣♣≈..♣
####≈≈..≈≈≈≈≈≈♣♣♣..♣
###.W@≈≈...≈≈≈≈≈≈♣♣♣♣♣
###...Z≈≈...≈≈≈..≈≈♣ ♣♣
##§§Z..≈≈≈....≈≈≈≈≈≈♣♣♣♣≈ #
###§Z.§§#≈≈≈≈.....≈≈≈≈.≈♣..
.
##.§.Dt§§##≈≈≈.♣♣♣....≈§≈...
.≈ ##§§.§#######≈≈≈♣
♣♣♣♣♣♣♣♣♣♣♣ ≈§###t§§###
#≈≈≈♣ ♣ ≈§§Z.§§## ##≈≈♣
≈§§D§.## ###♣


You could see a bone dragon, a ghost crab, a phantasmal warrior, 2 spectral
alligators and a spectral spriggan rider.

Vanquished Creatures
  The ghost of heinrich the Executioner, an adept FoFi of Uskayaw (Swamp:4)
  The ghost of melvinkitnick the Minotaur Blade, an adept MiFi of Okawaru (Swamp:4)
  3 thorn hunters
  A fire giant (D:15)
  4 orc warlords
  The ghost of Vaontehu the Severer, a journeyman DDFi of Makhleb (Swamp:1)
  A minotaur (Lab)
  A yaktaur captain (D:15)
  An ice dragon (D:14)
  Harold (D:10)
  12 hydras
  8 ghost crabs
  A catoblepas (D:11)
  3 centaur warriors
  A shambling mangrove (Swamp:2)
  4 death yaks (Lair:6)
  11 alligators
  2 two-headed ogres
  A deep troll earth mage (D:15)
  6 orc high priests (Orc:2)
  A deep elf knight (Bailey)
  5 spriggan druids
  4 unseen horrors (D:15)
  A deep troll (D:14)
  4 swamp dragons
  11 orc knights
  A necromancer (D:14)
  A wolf spider (D:15)
  8 deep elf magi (Bailey)
  2 oklob plants
  An ugly thing (D:12)
  4 cyclopes
  2 orc sorcerers (Orc:1)
  5 elephants (Lair:6)
  A manticore (D:10)
  Maurice (D:13)
  5 black mambas
  2 ice statues (IceCv)
  4 apocalypse crabs (Swamp:3)
  12 spiny frogs
  7 komodo dragons
  An efreet (D:15)
  5 ice devils (IceCv)
  3 rime drakes
  A komodo dragon (shapeshifter) (D:15)
  4 swamp worm zombies (Swamp:4)
  A yaktaur (D:15)
  3 polar bears
  A meliai (shapeshifter) (D:13)
  12 trolls
  12 tyrant leeches
  A hydra zombie (Swamp:4)
  7 meliai (D:15)
  13 hornets
  8 blink frogs
  A hornet (shapeshifter) (D:14)
  3 alligator zombies (Swamp:4)
  10 bog bodies
  A dream sheep (Lair:6)
  15 hippogriffs
  3 spectral swamp dragons (Swamp:4)
  16 slime creatures
  2 shadows
  A centaur simulacrum (D:15)
  A vampire (D:13)
  4 wraiths (D:12)
  18 spriggans
  2 wyverns
  39 yaks
  3 basilisks
  3 hungry ghosts
  26 vampire mosquitoes
  Eustachio (D:4)
  9 insubstantial wisps
  6 wargs
  19 swamp worms
  A soldier ant (shapeshifter) (D:14)
  2 nagas (Lair:4)
  An acid dragon (D:15)
  13 porcupines
  6 water moccasins
  65 orc warriors
  A swamp drake (Swamp:2)
  A hornet zombie (D:14)
  An ice beast (D:8)
  7 black bears
  5 swamp dragon zombies (Swamp:4)
  5 phantoms
  37 wolves
  6 boggarts
  7 centaurs
  15 ogres
  11 crocodiles
  2 big kobolds
  19 bullfrogs
  A wyvern zombie (D:13)
  An earth elemental (Lab)
  2 wyvern skeletons
  5 scorpions
  2 water moccasin skeletons
  5 killer bees (D:10)
  19 wights
  5 electric eels
  3 howler monkeys
  4 bullfrog zombies
  9 crimson imps
  16 jellies
  30 orc wizards
  54 orc priests
  15 hounds
  3 centaur skeletons
  7 iguanas
  Jessica (D:2)
  A bullfrog skeleton (D:4)
  A spectral swamp drake (Swamp:4)
  17 worker ants
  A killer bee zombie (D:6)
  A hound skeleton (D:6)
  A worker ant zombie (D:6)
  A howler monkey zombie (D:11)
  3 gnolls (D:8)
  18 adders
  A swamp drake zombie (Swamp:4)
  2 shadow imps
  23 white imps
  8 ufetubi (IceCv)
  2 oozes (Lair:5)
  2 adder zombies
  2 adder skeletons
  5 worms
  A dart slug (D:3)
  4 leopard geckos
  136 orcs
  3 ball pythons
  7 bats
  2 giant cockroaches
  7 goblins
  6 hobgoblins
  24 jackals
  11 kobolds
  6 quokkas
  6 frilled lizards
  A jackal skeleton (D:6)
  A leopard gecko zombie (D:6)
  9 rats
  17 briar patches
  4 fungi
  2 plants
1124 creatures vanquished.

Vanquished Creatures (collateral kills)
  A reaper (IceCv)
  Josephine (D:12)
  Erolcha (D:10)
  A hydra (Lair:2)
  2 deep elf magi (Bailey)
  A wraith (D:12)
  A wolf (Lair:3)
  A bullfrog (D:8)
  A worker ant (D:8)
  An adder (D:8)
11 creatures vanquished.

Vanquished Creatures (others)
  A two-headed ogre (D:8)
  An unseen horror (D:9)
  A spriggan druid (Swamp:3)
  A hornet (Swamp:4)
  An insubstantial wisp (Swamp:4)
  A centaur skeleton (D:8)
  2 white imps (IceCv)
  3 ufetubi (IceCv)
  3 briar patches
  A bush (Lair:6)
  10 fungi
  A plant (Lair:6)
26 creatures vanquished.

Grand Total: 1161 creatures vanquished

Notes
Turn   | Place    | Note
-------+----------+-------------------------------------------
     0 | D:1      | Merlin the Minotaur Fighter began the quest for the Orb.
     0 | D:1      | Reached XP level 1. HP: 19/19 MP: 0/0
   175 | D:1      | Reached XP level 2. HP: 27/27 MP: 1/1
   452 | D:2      | Reached XP level 3. HP: 31/34 MP: 2/2
   460 | D:2      | Reached XP level 4. HP: 30/41 MP: 3/3
   718 | D:2      | Noticed Jessica
   723 | D:2      | Killed Jessica
   723 | D:2      | Reached skill level 5 in Armour
   723 | D:2      | Reached XP level 5. HP: 47/47 MP: 4/4
   759 | D:2      | Reached skill level 5 in Fighting
   774 | D:2      | Reached skill level 5 in Shields
  1460 | D:3      | Reached skill level 1 in Axes
  1514 | D:3      | Noticed an ogre
  1523 | D:3      | Killed an ogre
  1523 | D:3      | Reached skill level 2 in Axes
  1523 | D:3      | Reached XP level 6. HP: 24/56 MP: 5/5
  1835 | D:3      | Found a radiant altar of Vehumet.
  2011 | D:3      | Reached skill level 3 in Axes
  2098 | D:3      | Found a hazy altar of Hepliaklqana.
  2275 | D:4      | Found a sparkling altar of Nemelex Xobeh.
  2477 | D:4      | Reached skill level 4 in Axes
  2477 | D:4      | Reached XP level 7. HP: 62/62 MP: 6/6
  2529 | D:4      | Found a staircase to the Ecumenical Temple.
  2535 | Temple   | Entered the Ecumenical Temple
  2680 | Temple   | Became a worshipper of Makhleb the Destroyer
  2963 | D:4      | Noticed Eustachio
  2967 | D:4      | Reached skill level 5 in Axes
  2974 | D:4      | Killed Eustachio
  3099 | D:4      | Found a bloodstained altar of Trog.
  3125 | D:4      | Reached * piety under Makhleb
  3479 | D:4      | Reached XP level 8. HP: 71/71 MP: 7/7
  3521 | D:5      | Entered Level 5 of the Dungeon
  3603 | D:5      | Reached skill level 6 in Axes
  3607 | D:5      | Found a glowing silver altar of Zin.
  4091 | D:5      | You fall through a shaft!
  4195 | D:5      | Found a hide-covered altar of Uskayaw.
  4195 | D:5      | Found a sacrificial altar of Ru.
  4336 | D:6      | Reached ** piety under Makhleb
  4850 | D:6      | Reached skill level 7 in Axes
  5039 | D:6      | Found a blossoming altar of Fedhas.
  5341 | D:6      | Reached XP level 9. HP: 72/79 MP: 8/8
  5704 | D:7      | Reached skill level 8 in Axes
  5742 | D:7      | Reached *** piety under Makhleb
  5872 | D:7      | Reached skill level 9 in Axes
  6197 | D:8      | Found a shimmering altar of Xom.
  6284 | D:8      | Found a shadowy altar of Dithmenos.
  6450 | D:8      | Noticed a two-headed ogre
  6478 | D:8      | Killed a two-headed ogre
  6478 | D:8      | Reached skill level 1 in Invocations
  7284 | D:9      | Found a bloodstained altar of Trog.
  7365 | D:9      | Reached skill level 10 in Axes
  7365 | D:9      | Reached XP level 10. HP: 83/90 MP: 10/10
  7396 | D:9      | Found a flagged portal.
  7406 | Bailey   | Entered a bailey
  7413 | Bailey   | Noticed a deep elf mage
  7429 | Bailey   | Killed a deep elf mage
  7561 | Bailey   | Noticed a deep elf mage
  7562 | Bailey   | Noticed a deep elf mage
  7562 | Bailey   | Noticed a deep elf mage
  7562 | Bailey   | Noticed a deep elf mage
  7562 | Bailey   | Noticed a deep elf mage
  7562 | Bailey   | Noticed a deep elf mage
  7571 | Bailey   | Killed a deep elf mage
  7573 | Bailey   | Noticed an orange demon
  7578 | Bailey   | Killed a deep elf mage
  7599 | Bailey   | Killed a deep elf mage
  7603 | Bailey   | Killed a deep elf mage
  7603 | Bailey   | Reached skill level 11 in Axes
  7608 | Bailey   | Killed a deep elf mage
  7608 | Bailey   | Reached **** piety under Makhleb
  7615 | Bailey   | Killed a deep elf mage
  7789 | Bailey   | Noticed a deep elf knight
  7797 | Bailey   | Killed a deep elf knight
  7874 | Bailey   | Noticed a deep elf mage
  7874 | Bailey   | Noticed a deep elf mage
  7874 | Bailey   | Noticed a deep elf mage
  7880 | Bailey   | Killed a deep elf mage
  7880 | Bailey   | Reached XP level 11. HP: 99/99 MP: 12/12
  7886 | Bailey   | Killed a deep elf mage
  7886 | Bailey   | Reached skill level 10 in Armour
  7895 | Bailey   | Killed a deep elf mage
  8228 | D:9      | Found an opulent altar of Gozag.
  8359 | D:9      | Noticed a two-headed ogre
  8368 | D:9      | Killed a two-headed ogre
  8604 | D:9      | Noticed a centaur warrior
  8610 | D:9      | Killed an unseen horror
  8610 | D:9      | Reached skill level 10 in Fighting
  8635 | D:9      | Killed a centaur warrior
  8635 | D:9      | Reached skill level 12 in Axes
  8635 | D:9      | Reached skill level 10 in Shields
  9136 | D:10     | Entered Level 10 of the Dungeon
  9322 | D:10     | Reached skill level 5 in Invocations
  9342 | D:10     | Noticed Erolcha
  9350 | D:10     | Killed Erolcha
  9431 | D:10     | Found a staircase to the Orcish Mines.
  9547 | D:10     | Found a roughly hewn altar of Beogh.
 10039 | D:10     | Noticed Harold
 10064 | D:10     | Killed Harold
 10141 | D:10     | Reached skill level 13 in Axes
 10818 | D:11     | Found a staircase to the Lair.
 10954 | D:11     | Reached XP level 12. HP: 83/108 MP: 15/15
 11076 | D:11     | Reached ***** piety under Makhleb
 11115 | D:11     | Noticed a catoblepas
 11134 | D:11     | Killed a catoblepas
 11134 | D:11     | Reached skill level 1 in Dodging
 11671 | D:12     | Noticed Josephine
 11685 | D:12     | Killed Josephine
 12121 | D:12     | Reached skill level 14 in Axes
 12585 | D:12     | Found a portal to a secret trove of treasure.
 12854 | Lair:1   | Entered Level 1 of the Lair of Beasts
 13324 | Lair:1   | Got a scorched platinum ring
 13367 | Lair:1   | Identified the ring of the Voivode {Ice Int+4 Slay+2} (You
                  | found it on level 1 of the Lair of Beasts)
 13772 | Lair:2   | Noticed a seven-headed hydra
 13789 | Lair:2   | Killed a ten-headed hydra
 14146 | Lair:2   | Reached XP level 13. HP: 95/117 MP: 17/17
 14880 | Lair:2   | Found a staircase to the Swamp.
 16093 | Lair:4   | Reached skill level 15 in Axes
 16141 | Lair:4   | Found a labyrinth entrance.
 16145 | Lair:4   | Reached skill level 1 in Evocations
 16172 | Lab      | Entered a labyrinth
 16349 | Lab      | Noticed a minotaur
 16365 | Lab      | Killed a minotaur
 16365 | Lab      | Reached skill level 5 in Dodging
 16485 | Lair:4   | Found a staircase to the Snake Pit.
 16772 | Lair:4   | Got a crude turquoise ring
 16910 | Lair:4   | Identified the ring "Tixotej" {Fire Int+4} (You found it on
                  | level 4 of the Lair of Beasts)
 17232 | Lair:5   | Found a staircase to the Slime Pits.
 17244 | Lair:5   | Reached ****** piety under Makhleb
 18273 | Lair:6   | Entered Level 6 of the Lair of Beasts
 18360 | Lair:6   | Noticed Sonja
 18512 | Lair:6   | Reached XP level 14. HP: 121/127 MP: 19/19
 18537 | Lair:6   | Paralysed by a hornet for 2 turns
 18663 | Lair:6   | Got a crude turquoise ring
 18709 | Lair:6   | Identified the ring "Lotojid" {Fire rElec Dex-5 SInv
                  | Stlth+} (You found it on level 6 of the Lair of Beasts)
 19000 | Lair:6   | Reached skill level 16 in Axes
 19966 | Orc:1    | Entered Level 1 of the Orcish Mines
 19966 | Orc:1    | Found a shimmering altar of Xom.
 20207 | Orc:1    | Found a transporter.
 20210 | Orc:1    | Noticed Qapp's ghost (journeyman DEEE)
 20351 | Orc:1    | Found a transporter.
 20759 | Orc:1    | Noticed an orc warlord
 20792 | Orc:1    | Killed an orc warlord
 20986 | Orc:2    | Entered Level 2 of the Orcish Mines
 20987 | Orc:2    | Found a frozen archway.
 21015 | IceCv    | Entered an ice cave
 21279 | IceCv    | Noticed a reaper
 21294 | IceCv    | Killed a reaper
 21315 | IceCv    | Got a polished long sword
 21316 | IceCv    | Identified the cursed +0 long sword of Luxury {protect,
                  | *Corrode rN+ Int+2 Dex+3} (You found it in an ice cave)
 21490 | Orc:2    | Found a radiant altar of Vehumet.
 21527 | Orc:2    | Noticed an orc warlord
 21559 | Orc:2    | Killed an orc warlord
 21918 | Orc:2    | Found Afaifopi's Magic Scroll Boutique.
 21996 | Orc:2    | Bought a scroll of enchant weapon for 97 gold pieces
 21996 | Orc:2    | Bought a scroll of blinking for 97 gold pieces
 21996 | Orc:2    | Bought a scroll of teleportation for 39 gold pieces
 21996 | Orc:2    | Bought a scroll of holy word for 97 gold pieces
 21996 | Orc:2    | Bought a scroll of enchant armour for 97 gold pieces
 22295 | Orc:2    | Reached XP level 15. HP: 81/136 MP: 20/20
 22550 | Orc:2    | Found Seud's Magic Scroll Boutique.
 22555 | Orc:2    | Found Xydiapn's Gadget Shop.
 22555 | Orc:2    | Found Aczas's Assorted Antiques.
 22556 | Orc:2    | Found Kett's Gadget Boutique.
 22567 | Orc:2    | Bought a scroll of enchant weapon for 112 gold pieces
 22787 | Orc:2    | Found a staircase to the Elven Halls.
 23069 | Orc:1    | Noticed an orc warlord
 23078 | Orc:1    | Noticed an orc warlord
 23559 | Orc:1    | Killed an orc warlord
 23559 | Orc:1    | Reached skill level 17 in Axes
 23645 | Orc:1    | Killed an orc warlord
 23651 | Orc:1    | Got a fine pewter ring
 24015 | Orc:1    | Identified the ring "Benog" {MR+ Dex+4 SInv} (You took it
                  | off an orc warrior on level 1 of the Orcish Mines)
 24395 | D:13     | Reached skill level 5 in Evocations
 24709 | D:13     | Noticed Maurice
 24730 | D:13     | Killed Maurice
 25051 | D:14     | Found a gate to the Vaults.
 25480 | D:14     | Found a roughly hewn altar of Beogh.
 25714 | D:15     | Entered Level 15 of the Dungeon
 25717 | D:15     | Found Cymecal's Magic Scroll Shop.
 25779 | D:15     | Bought a scroll of enchant weapon for 105 gold pieces
 25779 | D:15     | Bought a scroll of enchant weapon for 105 gold pieces
 25779 | D:15     | Bought a scroll of enchant armour for 105 gold pieces
 25779 | D:15     | Bought a scroll of enchant weapon for 105 gold pieces
 25896 | D:15     | Found a staircase to the Depths.
 25896 | D:15     | Noticed a fire giant
 25939 | D:15     | Killed a fire giant
 26973 | Orc:2    | Bought a wand of digging (16) for 600 gold pieces
 27470 | Swamp:1  | Entered Level 1 of the Swamp
 28161 | Swamp:1  | Reached XP level 16. HP: 145/145 MP: 22/22
 28294 | Swamp:1  | Found an ancient bone altar of Kikubaaqudgha.
 28411 | Swamp:1  | Found a runed gate.
 28411 | Swamp:1  | Found a runed gate.
 28411 | Swamp:1  | Found a runed gate.
 28418 | Swamp:1  | Noticed Vaontehu's ghost (journeyman DDFi)
 28438 | Swamp:1  | Killed Vaontehu's ghost
 28827 | Swamp:2  | Reached skill level 18 in Axes
 28835 | Swamp:2  | Reached skill level 10 in Invocations
 29010 | Swamp:2  | Noticed a thorn hunter
 29025 | Swamp:2  | Killed a thorn hunter
 29253 | Swamp:2  | Noticed a thorn hunter
 29271 | Swamp:2  | Killed a thorn hunter
 29934 | Swamp:2  | Gained mutation: You have sharp toenails. [potion of
                  | mutation]
 29934 | Swamp:2  | Gained mutation: Your mind is acute. (Int +2) [potion of
                  | mutation]
 29934 | Swamp:2  | Gained mutation: You have razor-sharp toenails. [potion of
                  | mutation]
 30357 | Swamp:3  | Found a runed door.
 30971 | Swamp:4  | Entered Level 4 of the Swamp
 30994 | Swamp:4  | Found a runed gate.
 30995 | Swamp:4  | Found a runed gate.
 30996 | Swamp:4  | Found a runed gate.
 30997 | Swamp:4  | Noticed heinrich's ghost (adept FoFi)
 30997 | Swamp:4  | Noticed melvinkitnick's ghost (adept MiFi)
 31025 | Swamp:4  | Killed heinrich's ghost
 31036 | Swamp:4  | Killed melvinkitnick's ghost
 31059 | Swamp:4  | Got a smoking steel ring
 31061 | Swamp:4  | Identified the ring "Qaokli" {*Drain MR++ MP+9 Dex+4} (You
                  | found it on level 4 of the Swamp)
 31089 | Swamp:4  | Noticed a thorn hunter
 31113 | Swamp:4  | Killed a thorn hunter
 31113 | Swamp:4  | Reached skill level 10 in Dodging
 32069 | Swamp:4  | Noticed a bone dragon
 32081 | Swamp:4  | Mangled by a phantasmal warrior

Vault maps used:
D:1:      dpeg_arrival_arbitrary_b
D:2:      first_ration, minmay_tromino_v2, uniq_jessica
D:3:      grunt_temple_overflow_open
D:4:      nemelex_xobeh_ov_fountains_minmay, minmay_temple_entry_fiery,
          trog_butcher_becter, uniq_eustachio
D:5:      kennysheep_mini, amethyst_overflow_temple_binary
D:6:      cheibrodos_barr_body, fedhas_altar_1
D:8:      grunt_dithmenos_smoke, basic_altar, grunt_ogre_cave,
          serial_bayou_pond_e
D:9:      kennysheep_blocky_room, overflow_temple_1_default,
          lemuel_coloured_pillars_altar, enter_bailey_2
D:10:     orc_0_dummy, david_defended_altar_orc, uniq_erolcha, uniq_harold
D:11:     erik_lair_island
D:12:     nicolae_trove_entry_columns, uniq_josephine
D:13:     uniq_maurice
D:14:     david_vaults_4, special_room
D:15:     grunt_enter_depths_giant_problem, serial_shops, shop, nrook_uturn,
          minivault_12
Temple:   nicolae_temple_figure_eight
Lair:1:   st_stairs_9, serial_bayou_lagoon_a
Lair:2:   minmay_swamp_entry_worms
Lair:4:   guppyfry_snake_entry_island, lab_entry_generic,
          minmay_lair_oklob_items
Lair:5:   minmay_lair_oklob_tunnel, minmay_slime_entry_jelly_boxes,
          grunt_forest_stairs_clearing
Lair:6:   minmay_lair_end_enchanted_forest, uniq_sonja
Swamp:1:  ebering_ghost_rock_garden, nicolae_swamp_feature_on_the_river_bank,
          swamp_pool3
Swamp:2:  evilmike_swamp_ruin_rubble_2, swamp_pool3
Swamp:3:  gammafunk_mikee_crab_dinner, evilmike_swamp_ruin_house_2,
          infiniplex_staircase_pool
Swamp:4:  swamp_pestilence, gammafunk_ghost_cemetery
Orc:1:    basic_altar, gammafunk_ghost_stat_death, nicolae_orc_stony_grotto,
          minmay_orc_treasury
Orc:2:    st_orc_pillars, basic_altar, portal_ice_cave_entry_imps, serial_shops,
          shop, nicolae_orc_pool_cavern
Lab:      nicolae_lab_plus, nicolae_lab_dead_end, labyrinth_fake_exit,
          nicolae_lab_t_cross
Bailey:   bailey_polearm_3, bailey
IceCv:    ice_cave_small_demon

Skill      XL: |  1  2  3  4  5  6  7  8  9 10 11 12 13 14 15 16 |
---------------+-------------------------------------------------+-----
Armour         | 4 5 6 7 8 9 10 11 12 13 14 | 14.9
Fighting       | 4 5 6 7 8 9 10 11 12 13 14 | 14.8
Shields        | 4 5 6 7 8 9 10 11 12 13 14 | 14.8
Axes           | 2 4 5 7 10 11 13 14 15 16 17 18 | 18.0
Invocations    | 1 3 5 7 8 9 10 | 10.9
Dodging        | 3 5 7 8 10 | 10.2
Evocations     | 2 4 6 7 |  7.5
Polearms       | |  2.4

Action                   |  1- 3 |  4- 6 |  7- 9 | 10-12 | 13-15 | 16-18 || total
-------------------------+-------+-------+-------+-------+-------+-------++-------
Melee: Trident           |    57 |    52 |       |       |       |       ||   109
       Headbutt          |     5 |    37 |    72 |   201 |   339 |   158 ||   812
       Hand axe          |       |   142 |       |       |       |       ||   142
       War axe           |       |    14 |   396 |   701 |    14 |       ||  1125
       Broad axe         |       |       |       |       |  1301 |   483 ||  1784
Invok: Minor Destruction |       |       |     5 |    26 |    22 |       ||    53
       Lesser Servant of |       |       |       |     5 |     5 |       ||    10
       Major Destruction |       |       |       |     1 |     3 |     3 ||     7
       Greater Servant o |       |       |       |       |       |     1 ||     1
Evoke: Wand              |       |       |     2 |       |       |       ||     2
       Lightning rod     |       |       |       |       |       |     1 ||     1
  Use: Scroll            |     1 |     3 |     7 |    15 |    23 |     2 ||    51
       Potion            |       |       |     1 |     5 |     3 |     3 ||    12
 Stab: Distracted        |       |       |       |     1 |     1 |       ||     2
  Eat: Chunk             |       |     5 |    22 |    42 |    43 |    17 ||   129
       Ration            |       |       |       |     2 |       |       ||     2
Armor: Scale mail        |    30 |    72 |   168 |     4 |       |       ||   274
       Chain mail        |       |       |       |   230 |       |       ||   230
       Plate armour      |       |       |       |    46 |   478 |       ||   524
       Swamp dragon scal |       |       |       |       |    10 |   122 ||   132
Dodge: Dodged            |    18 |    45 |    99 |   191 |   369 |   194 ||   916
Block: Shield            |    22 |    95 |   233 |   425 |   938 |   330 ||  2043

Table legend:
 A = Non-vault XP
 B = Vault XP
 C = Vault XP percentage of total XP
 D = Non-vault monster count
 E = Vault monster count
 F = Vault count percentage of total count
                 A         B        C        D         E       F
            +---------+---------+-------+---------+---------+-------
      Total |  129733 |   85225 |  39.6 |     747 |     367 |  32.9
            +---------+---------+-------+---------+---------+-------
        D:1 |      24 |       0 |   0.0 |      15 |       0 |   0.0
        D:2 |     183 |      41 |  18.3 |      21 |       3 |  12.5
        D:3 |     351 |       0 |   0.0 |      39 |       0 |   0.0
        D:4 |     666 |     184 |  21.6 |      30 |       5 |  14.3
        D:5 |     328 |       0 |   0.0 |      18 |       0 |   0.0
        D:6 |     800 |     266 |  25.0 |      30 |       8 |  21.1
        D:7 |    1333 |       0 |   0.0 |      37 |       0 |   0.0
        D:8 |     998 |     122 |  10.9 |      20 |       1 |   4.8
        D:9 |    1096 |    1449 |  56.9 |       8 |       7 |  46.7
       D:10 |    4130 |    1678 |  28.9 |      32 |       5 |  13.5
       D:11 |    4858 |     819 |  14.4 |      49 |       8 |  14.0
       D:12 |    6829 |    1877 |  21.6 |      37 |       6 |  14.0
       D:13 |    4874 |     462 |   8.7 |      26 |       1 |   3.7
       D:14 |     680 |    4698 |  87.4 |       7 |      30 |  81.1
       D:15 |    6994 |    8170 |  53.9 |      28 |      12 |  30.0
     Lair:1 |    2045 |     377 |  15.6 |      10 |       2 |  16.7
     Lair:2 |    4990 |     466 |   8.5 |      17 |       2 |  10.5
     Lair:3 |    4739 |       0 |   0.0 |      26 |       0 |   0.0
     Lair:4 |    4355 |     854 |  16.4 |      18 |       3 |  14.3
     Lair:5 |    5474 |    1504 |  21.6 |      17 |      20 |  54.1
     Lair:6 |   12042 |    8417 |  41.1 |      35 |      49 |  58.3
    Swamp:1 |   14060 |    1427 |   9.2 |      34 |       1 |   2.9
    Swamp:2 |   15578 |       0 |   0.0 |      41 |       0 |   0.0
    Swamp:3 |    6500 |    9462 |  59.3 |      17 |      13 |  43.3
    Swamp:4 |   12950 |   10929 |  45.8 |      25 |      31 |  55.4
      Orc:1 |    4283 |   10042 |  70.1 |      53 |      44 |  45.4
      Orc:2 |    7456 |   11434 |  60.5 |      56 |      76 |  57.6
        Lab |    1117 |     258 |  18.8 |       1 |       2 |  66.7
     Bailey |       0 |    6252 | 100.0 |       0 |      11 | 100.0
      IceCv |       0 |    4037 | 100.0 |       0 |      27 | 100.0
            +---------+---------+-------+---------+---------+-------
